 Dungeon Crawl Stone Soup version 0.31.0-32-g396128a36d (webtiles) character file.

Game seed: 15129053083005122875

58 Killerpretzel the Changeling (level 4, -4/29 HPs)
             Began as an Octopode Shapeshifter on Mar 8, 2024.
             Slain by Sigmund
             ... wielding a +2 scythe of venom
              (12 damage)
             ... on level 2 of the Dungeon.
             The game lasted 00:00:56 (991 turns).

Killerpretzel the Changeling (Octopode Shapeshifter) Turns: 991, Time: 00:00:57

Health: -4/29      AC:  1    Str: 13    XL:     4   Next: 2%
Magic:  4/4        EV: 13    Int: 12    God:
Gold:   80         SH:  0    Dex: 13    Spells: 3/3 levels left

rFire   . .          .
                       - Unarmed
rCold   . . .        (no shield)
rNeg    . . .        (helmet currently unavailable)
rPois   .            (no amulet)
rElec   .            (no ring)
rCorr   .            (no ring)
SInv    .            (no ring)
Will    .....        (no ring)
Stlth   ++           (no ring)
HPRegen 0.24/turn    (no ring)
MPRegen 0.09/turn    (no ring)
                     (no ring)

%: no passive effects
@: lethally poisoned (-4 -> -5), beast-form
A: beast (slay +2), almost no armour, amphibious, 8 rings, camouflage 1,
gelatinous body 1, (nimble swimmer 1), tentacles
a: Begin Untransformation


You were on level 2 of the Dungeon.
You were a hulking beast.
You visited 1 branch of the dungeon, and saw 2 of its levels.

You collected 80 gold pieces.

Inventory:

Jewellery
 g - a ring of protection from cold
Talismans
 b - a beast talisman
 c - a flux talisman
Potions
 a - a potion of lignification
 e - a potion of might {unknown}
 f - a potion of curing {unknown}


   Skills:
 + Level 1.9 Fighting
 + Level 2.5 Dodging
 + Level 3.4 Unarmed Combat
 * Level 3.6 Shapeshifting


You had 3 spell levels left.
You didn't know any spells.
Your spell library contained the following spells:

 Spells                   Type           Power      Damage    Failure   Level
 Passage of Golubria      Tloc           0%         N/A       97%         4
 Silence                  Hex/Air        0%         N/A       100%        5
 Lehudib's Crystal Spear  Conj/Erth      0%         10d2      100%        8


Dungeon Overview and Level Annotations

Branches:
Dungeon (2/15)

Altars:

Annotations:
D:2 Sigmund


Innate Abilities, Weirdness & Mutations

You are a hulking beast.
Your limbs bulge with bestial killing power. (Slay +2)
You cannot wear most types of armour.
You are amphibious.
You can wear up to eight rings at the same time.
Your skin changes colour to match your surroundings (Stealth+).
Your rubbery body absorbs attacks. (AC +1, EV +1)
((You are camouflaged when in or above water. (Stealth+)))
You have tentacles for arms and can constrict up to eight enemies at once.


Message History

a +0 club; a goblin corpse
There is an open door here.
There is a stone staircase leading down here.
There is a stone staircase leading up here.
You now have 80 gold pieces (gained 9).
Sigmund the Dreaded comes into view.
He is wielding a +2 scythe of venom.
Sigmund shouts!
Sigmund hits you with a +2 scythe of venom.
You are poisoned.
You tentacle-slap Sigmund. Your grab misses Sigmund.
Your squeeze misses Sigmund.
Sigmund is lightly wounded.
You feel sick. Sigmund closely misses you.
Sigmund is nearby!
You are too injured to fight recklessly!
You are too injured to fight recklessly!
You are too injured to fight recklessly!
Sigmund is nearby!
You tentacle-slap Sigmund but do no damage.
Your grab misses Sigmund. You squeeze Sigmund.
Sigmund is moderately wounded.
You feel sick.
You tentacle-slap Sigmund. Your grab misses Sigmund.
Sigmund is heavily wounded.
You feel sick. Sigmund closely misses you.
You tentacle-slap Sigmund. You grab Sigmund.
You squeeze Sigmund, but do no damage.
Sigmund is heavily wounded.
You constrict Sigmund.
You feel sick.
You tentacle-slap Sigmund.
Sigmund is severely wounded.
You constrict Sigmund.
You feel sick.
Sigmund points at you and mumbles some strange words.
The magic dart hits you!
You tentacle-slap Sigmund.
Sigmund is almost dead.
You constrict Sigmund.
You feel sick.
Sigmund hits you with a +2 scythe of venom!
You die...
Sigmund begins carving another notch in his scythe.

.##.#.....#.#
....#...#.#.#
..........#.#
......###.#.#######
...................
..###.###.#.######
........#.#......#
#.###.#.#.######.#
......# #......#h#
........######.#@#
##############.#.#
...............#.#
################.#
..# #.# ###


You could see Sigmund.

Vanquished Creatures
  An adder (D:2)
  4 ball pythons (D:1)
  4 endoplasms
  2 giant cockroaches (D:2)
  6 goblins
  5 hobgoblins
  7 jackals (D:1)
  3 kobolds (D:1)
  4 bats
  4 frilled lizards (D:1)
  3 rats
43 creatures vanquished.

Notes
Turn   | Place    | Note
-------+----------+-------------------------------------------
     0 | D:1      | Killerpretzel the Octopode Shapeshifter began the quest for
                  | the Orb.
     0 | D:1      | Reached XP level 1. HP: 13/13 MP: 1/1
    35 | D:1      | Reached XP level 2. HP: 16/18 MP: 2/2
   227 | D:1      | Reached XP level 3. HP: 22/23 MP: 3/3
   829 | D:2      | Reached XP level 4. HP: 25/29 MP: 4/4
   983 | D:2      | Noticed Sigmund
   991 | D:2      | Slain by Sigmund

Illustrated notes

Levels and vault maps discovered:
D:1:      scummos_arrival_checkerplants, layout_rooms
D:2:      layout_basic, kennysheep_path_1, uniq_sigmund, uniq_crazy_yiuf_cottage

Action                     |  1- 3 |  4- 6 || total
---------------------------+-------+-------++-------
  Melee: Unarmed           |    67 |     7 ||    74
         Tentacles         |    14 |     3 ||    17
         Constrict         |    21 |     1 ||    22
         Punch             |     1 |       ||     1
  Throw: Stone             |    20 |       ||    20
   Stab: Sleeping          |     4 |       ||     4
 Armour: Skin              |    20 |     3 ||    23
  Dodge: Dodged            |    31 |     2 ||    33
